| 
	| TOP OF THE 1ST | 
|---|
 
		| Harrisburg Senators batting - Pitching for Reading Fightin Phils : LHP Tim Lawson |  
		| Pitching: LHP Tim Lawson |  |  
		| Batting: RHB Leo Gutierrez | 0-0: Called Strike 0-1: Swinging Strike
 0-2: Foul Ball, location: 2F
 0-2: Strikes out swinging
 |  
		| Batting: RHB Er Le | 0-0: Foul Ball, location: 2F 0-1: Foul Ball, location: 2F
 0-2: Ground out 4-3 (Groundball, 4, EV 85.0 MPH)
 |  
		| Batting: RHB Xavier Reeves | 0-0: TRIPLE  (Flyball, 89XD, EV 96.9 MPH) |  
		| Batting: SHB Curtis DeLille | 0-0: Ball 1-0: Ball
 2-0: Foul Ball, location: 2F
 2-1: Foul Ball, location: 2F
 2-2: Ground out U3 (Groundball, 34, EV 107.5 MPH)
 |  
		| Top of the 1st over - 0 runs, 1 hit, 0 errors, 1 left on base; Harrisburg 0 - Reading 0 |  
	| BOTTOM OF THE 1ST | 
|---|
 
		| Reading Fightin Phils batting - Pitching for Harrisburg Senators : LHP Mike Montgomery |  
		| Pitching: LHP Mike Montgomery |  |  
		| Batting: RHB Alberto Ramirez | 0-0: Ball 1-0: Ground out 4-3 (Groundball, 4, EV 93.1 MPH)
 |  
		| Batting: RHB Chris Myers | 0-0: Ball 1-0: Called Strike
 1-1: Ball
 2-1: SINGLE  (Line Drive, 6D, EV 96.9 MPH)
 |  
		| Batting: RHB Guan-pei Gao | 0-0: Called Strike Chris Myers steals 2nd base
 0-1: Ground out 5-3 (Groundball, 56S, EV 63.8 MPH)
 Chris Myers to third
 |  
		| Batting: RHB Victor Arroyo | 0-0: Called Strike 0-1: Foul Ball, location: 2F
 0-2: Ground out U3 (Groundball, 34S, EV 82.5 MPH)
 |  
		| Bottom of the 1st over - 0 runs, 1 hit, 0 errors, 1 left on base; Harrisburg 0 - Reading 0 |  
	| TOP OF THE 2ND | 
|---|
 
		| Harrisburg Senators batting - Pitching for Reading Fightin Phils : LHP Tim Lawson |  
		| Batting: RHB Bobby Bricker | 0-0: Ball 1-0: Ball
 2-0: Ball
 3-0: Called Strike
 3-1: Called Strike
 3-2: Foul Ball, location: 2F
 3-2: Ground out 5-3 (Groundball, 56, EV 88.8 MPH)
 |  
		| Batting: RHB Taffounnout Kame | 0-0: Ground out 1-3 (Groundball, 15S, EV 71.9 MPH) |  
		| Batting: LHB Chance McWilliams | 0-0: Ball 1-0: Ground out 6-3 (Groundball, 6, EV 82.5 MPH)
 |  
		| Top of the 2nd over - 0 runs, 0 hits, 0 errors, 0 left on base; Harrisburg 0 - Reading 0 |  
	| BOTTOM OF THE 2ND | 
|---|
 
		| Reading Fightin Phils batting - Pitching for Harrisburg Senators : LHP Mike Montgomery |  
		| Batting: RHB Greg Herzig | 0-0: Foul Ball, location: 2F 0-1: Foul Ball, location: 2F
 0-2: Ball
 1-2:  Fly out, F8  (Flyball, 89D, EV 96.2 MPH)
 |  
		| Batting: RHB David Clough | 0-0: Called Strike 0-1: Ball
 1-1: Swinging Strike
 1-2: Foul Ball, location: 2F
 1-2: Foul Ball, location: 2F
 1-2: Ball
 2-2: Strikes out swinging
 |  
		| Batting: RHB Mike Bell | 0-0: Ball 1-0: SINGLE  (Groundball, 6MD, EV 94.4 MPH)
 |  
		| Batting: RHB Jake Cox | 0-0: Fielders Choice at 2nd, 6-4 (Groundball, 6, EV 108.8 MPH) |  
		| Bottom of the 2nd over - 0 runs, 1 hit, 0 errors, 1 left on base; Harrisburg 0 - Reading 0 |  
	| TOP OF THE 3RD | 
|---|
 
		| Harrisburg Senators batting - Pitching for Reading Fightin Phils : LHP Tim Lawson |  
		| Batting: RHB Aaron Bateman | 0-0: Foul Ball, location: 2F 0-1: Foul Ball, location: 2F
 0-2: Foul Ball, location: 2F
 0-2:  Fly out, F7  (Flyball, 7D, EV 97.5 MPH)
 |  
		| Batting: RHB Steve Kunselman | 0-0: Ground out 1-3 (Groundball, 13S, EV 62.5 MPH) |  
		| Batting: RHB Leo Gutierrez | 0-0: Ground out 6-3 (Groundball, 6S, EV 65.6 MPH) |  
		| Top of the 3rd over - 0 runs, 0 hits, 0 errors, 0 left on base; Harrisburg 0 - Reading 0 |  
	| BOTTOM OF THE 3RD | 
|---|
 
		| Reading Fightin Phils batting - Pitching for Harrisburg Senators : LHP Mike Montgomery |  
		| Batting: RHB Victor Arias | 0-0: Called Strike 0-1: Swinging Strike
 0-2:  Fly out, F7  (Flyball, 7, EV 87.5 MPH)
 |  
		| Batting: RHB Alberto Ramirez | 0-0: Ball 1-0: Ground out 6-3 (Groundball, 6S, EV 78.1 MPH)
 |  
		| Batting: RHB Chris Myers | 0-0: Called Strike 0-1: Ball
 1-1: Ball
 2-1: Ball
 3-1: SINGLE  (Groundball, 56D, EV 94.4 MPH)
 |  
		| Batting: RHB Guan-pei Gao | 0-0: Ball Chris Myers steals 2nd, throwing error, E2
 Chris Myers to third
 1-0: Called Strike
 1-1: Foul Ball, location: 2F
 1-2: Foul Ball, location: 2F
 1-2: Strikes out swinging
 |  
		| Bottom of the 3rd over - 0 runs, 1 hit, 1 error, 1 left on base; Harrisburg 0 - Reading 0 |  
	| TOP OF THE 4TH | 
|---|
 
		| Harrisburg Senators batting - Pitching for Reading Fightin Phils : LHP Tim Lawson |  
		| Batting: RHB Er Le | 0-0: Called Strike 0-1: Foul Ball, location: 2F
 0-2: Strikes out swinging
 |  
		| Batting: RHB Xavier Reeves | 0-0: Ball 1-0: Swinging Strike
 1-1: Ball
 2-1: Ground out 6-3 (Groundball, 6, EV 81.9 MPH)
 |  
		| Batting: SHB Curtis DeLille | 0-0: Called Strike 0-1: Ball
 1-1: Ball
 2-1: Ball
 3-1: Base on Balls
 |  
		| Batting: RHB Bobby Bricker | 0-0: Ball 1-0: Ball
 2-0: Called Strike
 2-1: Ball
 3-1: SINGLE  (Flyball, 6MD, EV 97.5 MPH)
 Curtis DeLille to second
 Runner from 2nd tries for 3rd, SAFE, throw by CF made to third
 |  
		| Batting: RHB Taffounnout Kame | 0-0: Ball 1-0:  Fly out, F8  (Flyball, 8LD, EV 89.4 MPH)
 |  
		| Top of the 4th over - 0 runs, 1 hit, 0 errors, 2 left on base; Harrisburg 0 - Reading 0 |  
	| BOTTOM OF THE 4TH | 
|---|
 
		| Reading Fightin Phils batting - Pitching for Harrisburg Senators : LHP Mike Montgomery |  
		| Batting: RHB Victor Arroyo | 0-0: Ball 1-0: Foul Ball, location: 2F
 1-1: Ball
 2-1: Ball
 3-1: Base on Balls
 |  
		| Batting: RHB Greg Herzig | 0-0: Ball 1-0: Fielders Choice at 2nd, 4-6 (Groundball, 34, EV 82.5 MPH)
 |  
		| Batting: RHB David Clough | 0-0: Ball Greg Herzig steals 2nd, throwing error, E2
 Greg Herzig to third
 1-0:  Fly out, F8  (Line Drive, 78M, EV 89.4 MPH)
 |  
		| Batting: RHB Mike Bell | 0-0: Swinging Strike 0-1: Foul Ball, location: 2F
 0-2: Ball
 1-2: Ball
 2-2: Ball
 3-2: Foul Ball, location: 2F
 3-2: Foul Ball, location: 2F
 3-2:  Fly out, F9  (Flyball, 9, EV 94.4 MPH)
 |  
		| Bottom of the 4th over - 0 runs, 0 hits, 1 error, 1 left on base; Harrisburg 0 - Reading 0 |  
	| TOP OF THE 5TH | 
|---|
 
		| Harrisburg Senators batting - Pitching for Reading Fightin Phils : LHP Tim Lawson |  
		| Batting: LHB Chance McWilliams | 0-0: Ball 1-0: Ball
 2-0: Foul Ball, location: 2F
 2-1: Called Strike
 2-2:  Fly out, F4  (Line Drive, 4, EV 68.8 MPH)
 |  
		| Batting: RHB Aaron Bateman | 0-0: Ground out 3-1 (Groundball, 34S, EV 92.5 MPH) |  
		| Batting: RHB Steve Kunselman | 0-0: DOUBLE  (Line Drive, 7LS, EV 109.4 MPH) |  
		| Batting: RHB Leo Gutierrez | 0-0: Ball 1-0: SINGLE  (Groundball, 34D, EV 93.8 MPH)
 Steve Kunselman to third
 Runner from 3rd tries for Home, SAFE, throw by RF to home
 Leo Gutierrez to second
 |  
		| Batting: RHB Er Le | 0-0: Ball 1-0: Ball
 2-0: Ball
 3-0: Ground out 5-3 (Groundball, 56, EV 86.9 MPH)
 |  
		| Top of the 5th over - 1 run, 2 hits, 0 errors, 1 left on base; Harrisburg 1 - Reading 0 |  
	| BOTTOM OF THE 5TH | 
|---|
 
		| Reading Fightin Phils batting - Pitching for Harrisburg Senators : LHP Mike Montgomery |  
		| Batting: RHB Jake Cox | 0-0: Ball 1-0: Called Strike
 1-1: Called Strike
 1-2:  Fly out, F9  (Flyball, 89M, EV 88.1 MPH)
 |  
		| Batting: RHB Victor Arias | 0-0: Called Strike 0-1: Foul Ball, location: 2F
 0-2: Ball
 1-2: Ball
 2-2: Foul Ball, location: 2F
 2-2:  Fly out, F7  (Flyball, 7, EV 91.9 MPH)
 |  
		| Batting: RHB Alberto Ramirez | 0-0: DOUBLE  (Line Drive, 9LS, EV 92.5 MPH) |  
		| Batting: RHB Chris Myers | 0-0: Called Strike 0-1: Ground out 4-3 (Groundball, P, EV 85.0 MPH)
 |  
		| Bottom of the 5th over - 0 runs, 1 hit, 0 errors, 1 left on base; Harrisburg 1 - Reading 0 |  
	| TOP OF THE 6TH | 
|---|
 
		| Harrisburg Senators batting - Pitching for Reading Fightin Phils : LHP Tim Lawson |  
		| Batting: RHB Xavier Reeves | 0-0:  Fly out, F9  (Flyball, 9LSF, EV 90.6 MPH) |  
		| Batting: SHB Curtis DeLille | 0-0: Ball 1-0: Ball
 2-0: Swinging Strike
 2-1: Ball
 3-1: Foul Ball, location: 2F
 3-2: Base on Balls
 |  
		| Batting: RHB Bobby Bricker | 0-0:  Fly out, F2  (Popup, 23F, EV 90.0 MPH) |  
		| Batting: RHB Taffounnout Kame | 0-0: Ball 1-0: Called Strike
 1-1: Ball
 2-1: Foul Ball, location: 2F
 2-2: Strikes out swinging
 |  
		| Top of the 6th over - 0 runs, 0 hits, 0 errors, 1 left on base; Harrisburg 1 - Reading 0 |  
	| BOTTOM OF THE 6TH | 
|---|
 
		| Reading Fightin Phils batting - Pitching for Harrisburg Senators : LHP Mike Montgomery |  
		| Pitching: LHP Anton Erlykov |  |  
		| Batting: RHB Guan-pei Gao | 0-0: Ball 1-0: Ball
 2-0: Ball
 3-0: Base on Balls
 |  
		| Batting: RHB Victor Arroyo | 0-0: Ball 1-0: Called Strike
 1-1: Foul Ball, location: 2F
 1-2: Foul Ball, location: 2F
 1-2: Grounds into double play, 6-4-3 (Groundball, 6, EV 83.1 MPH)
 |  
		| Pitching: RHP Gary Simmons |  |  
		| Batting: RHB Greg Herzig | 0-0: Ball 1-0: Ball
 2-0: Foul Ball, location: 2F
 2-1: Foul Ball, location: 2F
 2-2: Ball
 3-2:  Fly out, F3  (Popup, 3SF, EV 72.5 MPH)
 |  
		| Bottom of the 6th over - 0 runs, 0 hits, 0 errors, 0 left on base; Harrisburg 1 - Reading 0 |  
	| TOP OF THE 7TH | 
|---|
 
		| Harrisburg Senators batting - Pitching for Reading Fightin Phils : LHP Tim Lawson |  
		| Batting: LHB Chance McWilliams | 0-0: Foul Ball, location: 2F 0-1: Foul Ball, location: 2F
 0-2: Ground out U3 (Groundball, 34S, EV 90.6 MPH)
 |  
		| Pitching: RHP Andrew Giles |  |  
		| Batting: RHB Aaron Bateman | 0-0: Ball 1-0: Called Strike
 1-1: DOUBLE  (Groundball, 5L, EV 105.6 MPH)
 |  
		| Batting: RHB Steve Kunselman | 0-0: Ball 1-0: Ground out 4-3 (Groundball, 4, EV 88.8 MPH)
 Aaron Bateman to third
 |  
		| Batting: RHB Leo Gutierrez | 0-0: Ground out 4-3 (Groundball, 34, EV 106.2 MPH) |  
		| Top of the 7th over - 0 runs, 1 hit, 0 errors, 1 left on base; Harrisburg 1 - Reading 0 |  
	| BOTTOM OF THE 7TH | 
|---|
 
		| Reading Fightin Phils batting - Pitching for Harrisburg Senators : RHP Gary Simmons |  
		| Batting: RHB David Clough | 0-0: Called Strike 0-1: Ball
 1-1: Ball
 2-1: Foul Ball, location: 2F
 2-2: Foul Ball, location: 2F
 2-2: Ground out 4-3 (Groundball, 4, EV 83.1 MPH)
 |  
		| Batting: RHB Mike Bell | 0-0: Ball 1-0: Called Strike
 1-1: Foul Ball, location: 2F
 1-2: Strikes out swinging
 |  
		| Batting: RHB Jake Cox | 0-0: Called Strike 0-1: Swinging Strike
 0-2: Foul Ball, location: 2F
 0-2: Strikes out looking
 |  
		| Bottom of the 7th over - 0 runs, 0 hits, 0 errors, 0 left on base; Harrisburg 1 - Reading 0 |  
	| TOP OF THE 8TH | 
|---|
 
		| Harrisburg Senators batting - Pitching for Reading Fightin Phils : RHP Andrew Giles |  
		| Pitching: RHP Jonathan Beishline |  |  
		| Batting: RHB Er Le | 0-0: Called Strike 0-1: Called Strike
 0-2: Ball
 1-2: Ball
 2-2: Ball
 3-2: SINGLE  (Line Drive, 6M, EV 105.6 MPH)
 |  
		| Batting: RHB Xavier Reeves | 0-0: Swinging Strike 0-1: SINGLE  (Flyball, 9LS, EV 91.2 MPH)
 Er Le to second
 Runner from 2nd tries for 3rd, SAFE, no throw by RF
 |  
		| Batting: SHB Curtis DeLille | 0-0: Called Strike Xavier Reeves steals 2nd, throwing error, E2
 Er Le scores
 Xavier Reeves to third
 0-1: Called Strike
 0-2: Strikes out swinging
 |  
		| Batting: RHB Bobby Bricker | 0-0: Foul Ball, location: 2F 0-1: Called Strike
 0-2: Ball
 1-2: Ball
 2-2: Foul Ball, location: 2F
 2-2: Ball
 3-2: Foul Ball, location: 2F
 3-2: Ground out U3 (Groundball, 3, EV 91.9 MPH)
 |  
		| Batting: RHB Taffounnout Kame | 0-0: SINGLE  (Line Drive, 89S, EV 105.6 MPH) Xavier Reeves scores
 |  
		| Batting: LHB Chance McWilliams | 0-0: Called Strike 0-1: Swinging Strike
 0-2: Ball
 1-2: Strikes out swinging
 |  
		| Top of the 8th over - 2 runs, 3 hits, 1 error, 1 left on base; Harrisburg 3 - Reading 0 |  
	| BOTTOM OF THE 8TH | 
|---|
 
		| Reading Fightin Phils batting - Pitching for Harrisburg Senators : RHP Gary Simmons |  
		| Pitching: RHP Caleb Westbay |  |  
		| Batting: RHB Victor Arias | 0-0: Ball 1-0: Ball
 2-0: Ball
 3-0: Ground out 5-3 (Groundball, 56, EV 90.6 MPH)
 |  
		| Batting: RHB Alberto Ramirez | 0-0: Called Strike 0-1: Swinging Strike
 0-2: Foul Ball, location: 2F
 0-2: Foul Ball, location: 2F
 0-2: Foul Ball, location: 2F
 0-2: Ground out 6-3 (Groundball, 6, EV 85.0 MPH)
 |  
		| Batting: RHB Chris Myers | 0-0: Ball 1-0: Called Strike
 1-1: Called Strike
 1-2:  Fly out, F9  (Flyball, 89M, EV 86.9 MPH)
 |  
		| Bottom of the 8th over - 0 runs, 0 hits, 0 errors, 0 left on base; Harrisburg 3 - Reading 0 |  
	| TOP OF THE 9TH | 
|---|
 
		| Harrisburg Senators batting - Pitching for Reading Fightin Phils : RHP Jonathan Beishline |  
		| Pitching: RHP T.J. Gray |  |  
		| Batting: RHB Aaron Bateman | 0-0: Ball 1-0: Foul Ball, location: 2F
 1-1: Swinging Strike
 1-2: Ground out 5-3 (Groundball, 56, EV 86.9 MPH)
 |  
		| Batting: RHB Steve Kunselman | 0-0: SINGLE  (Line Drive, 78S, EV 86.9 MPH) |  
		| Batting: RHB Leo Gutierrez | 0-0: Ball Steve Kunselman is caught stealing 2nd base 2-4
 1-0: Ball
 2-0: Foul Ball, location: 2F
 2-1: Ground out 6-3 (Groundball, 6M, EV 106.9 MPH)
 |  
		| Top of the 9th over - 0 runs, 1 hit, 0 errors, 0 left on base; Harrisburg 3 - Reading 0 |  
	| BOTTOM OF THE 9TH | 
|---|
 
		| Reading Fightin Phils batting - Pitching for Harrisburg Senators : RHP Caleb Westbay |  
		| Pitching: RHP Chris Doty |  |  
		| Batting: RHB Guan-pei Gao | 0-0: Called Strike 0-1: SINGLE  (Groundball, 4MD, EV 99.4 MPH)
 |  
		| Batting: RHB Victor Arroyo | 0-0: Ball 1-0: Ball
 2-0: Called Strike
 2-1: Foul Ball, location: 2F
 2-2: Ball
 3-2: Strikes out swinging
 |  
		| Batting: RHB Greg Herzig | 0-0: Grounds into double play, 4-6-3 (Groundball, 4, EV 86.9 MPH) |  
		| Bottom of the 9th over - 0 runs, 1 hit, 0 errors, 0 left on base; Harrisburg 3 - Reading 0 |  |